TOP OF THE 1ST |
Wilmington Bay Hawks batting - Pitching for Rappahannock Partisans : RHP Donald Hutchinson
|
Pitching: RHP Donald Hutchinson
|
|
Batting: LHB Ray Schneider
|
0-0: Ball 1-0: Foul Ball, location: 2F 1-1: Foul Ball, location: 2F 1-2: Fly out, F8 (Flyball, 8RS)
|
Batting: RHB António Prieto
|
0-0: Called Strike 0-1: SINGLE (Line Drive, 4D)
|
Batting: SHB Felipe González
|
0-0: Ball 1-0: Ball 2-0: Foul Ball, location: 2F 2-1: Called Strike 2-2: Strikes out swinging
|
Batting: RHB Jason Nicholson
|
0-0: Swinging Strike 0-1: Called Strike 0-2: Ground out 1-3 (Groundball, 15)
|
Top of the 1st over - 0 run(s), 1 hit(s), 0 error(s), 1 left on base; Wilmington 0 - Rappahannock 0 |
BOTTOM OF THE 1ST |
Rappahannock Partisans batting - Pitching for Wilmington Bay Hawks : LHP Jim Unknown
|
Pitching: LHP Jim Unknown
|
|
Batting: RHB Kyle Dempsey
|
0-0: Ball 1-0: Ball 2-0: Called Strike 2-1: Ball 3-1: Ground out 5-3 (Groundball, 5)
|
Batting: RHB Mal Phillips
|
0-0: DOUBLE (Groundball, 5L)
|
Batting: RHB Tom Baker
|
0-0: Ball 1-0: Foul Ball, location: 2F 1-1: Foul Ball, location: 2F 1-2: Ball 2-2: Ball 3-2: Ground out 1-3 (Groundball, 13S) Mal Phillips to third
|
Batting: RHB San-gui Liang
|
0-0: 2-RUN HOME RUN (Line Drive, 7LD), Distance : 364 ft
|
Batting: RHB Pablo Lugo
|
0-0: Foul Ball, location: 2F 0-1: DOUBLE (Flyball, 89D)
|
Batting: LHB Robert Bond
|
0-0: Fly out, F9 (Flyball, 89M)
|
Bottom of the 1st over - 2 run(s), 3 hit(s), 0 error(s), 1 left on base; Wilmington 0 - Rappahannock 2 |
TOP OF THE 2ND |
Wilmington Bay Hawks batting - Pitching for Rappahannock Partisans : RHP Donald Hutchinson
|
Batting: RHB Jorge Rocha
|
0-0: Called Strike 0-1: Ball 1-1: Swinging Strike 1-2: Ball 2-2: Foul Ball, location: 2F 2-2: Foul Ball, location: 2F 2-2: SINGLE (Groundball, 4M)
|
Batting: LHB Aubrey Reese
|
0-0: Called Strike 0-1: Fielders Choice at 2nd, 3-6 (Groundball, 3)
|
Batting: RHB Jim Unknown
|
0-0: Called Strike 0-1: Foul Ball, location: 2F 0-2: Ball 1-2: Ball 2-2: Fly out, F4 (Popup, 4)
|
Batting: RHB Lindsay Stewart
|
0-0: Ground out 6-3 (Groundball, 6)
|
Top of the 2nd over - 0 run(s), 1 hit(s), 0 error(s), 1 left on base; Wilmington 0 - Rappahannock 2 |
BOTTOM OF THE 2ND |
Rappahannock Partisans batting - Pitching for Wilmington Bay Hawks : LHP Jim Unknown
|
Batting: RHB Ricardo Pérez
|
0-0: Called Strike 0-1: Foul Ball, location: 2F 0-2: Fly out, F8 (Flyball, 8RM)
|
Batting: RHB José Mata
|
0-0: Foul Ball, location: 2F 0-1: Foul Ball, location: 2F 0-2: DOUBLE (Line Drive, 89D)
|
Batting: RHB Tim Wilson
|
0-0: Ball 1-0: Ball 2-0: SINGLE (Line Drive, 34D) José Mata to third
|
Batting: RHB Kyle Dempsey
|
0-0: Foul Ball, location: 2F 0-1: Ball 1-1: Ball 2-1: Swinging Strike 2-2: Strikes out swinging
|
Batting: RHB Mal Phillips
|
0-0: Foul Ball, location: 2F 0-1: Ball 1-1: Foul Ball, location: 2F 1-2: Fly out, F7 (Flyball, 78M)
|
Bottom of the 2nd over - 0 run(s), 2 hit(s), 0 error(s), 2 left on base; Wilmington 0 - Rappahannock 2 |
TOP OF THE 3RD |
Wilmington Bay Hawks batting - Pitching for Rappahannock Partisans : RHP Donald Hutchinson
|
Batting: RHB Jim Unknown
|
0-0: Called Strike 0-1: Ball 1-1: Ground out 5-3 (Groundball, 56)
|
Batting: LHB Ray Schneider
|
0-0: Swinging Strike 0-1: Ball 1-1: Ball 2-1: SINGLE (Line Drive, 34)
|
Batting: RHB António Prieto
|
0-0: Ball 1-0: Called Strike 1-1: Foul Ball, location: 2F 1-2: Strikes out swinging
|
Batting: SHB Felipe González
|
0-0: Foul Ball, location: 2F 0-1: Foul Ball, location: 2F 0-2: Ball 1-2: SINGLE (Line Drive, 89S) Ray Schneider to second
|
Batting: RHB Jason Nicholson
|
0-0: Reached on error, E5 (Groundball, 56) Ray Schneider to third Felipe González to second
|
Batting: RHB Jorge Rocha
|
0-0: Swinging Strike 0-1: Fly out, F4 (Popup, 4M)
|
Top of the 3rd over - 0 run(s), 2 hit(s), 1 error(s), 3 left on base; Wilmington 0 - Rappahannock 2 |
BOTTOM OF THE 3RD |
Rappahannock Partisans batting - Pitching for Wilmington Bay Hawks : LHP Jim Unknown
|
Batting: RHB Tom Baker
|
0-0: Fly out, F7 (Flyball, 78M)
|
Batting: RHB San-gui Liang
|
0-0: Ball 1-0: SINGLE (Groundball, 4M)
|
Batting: RHB Pablo Lugo
|
0-0: Ball 1-0: Called Strike 1-1: Ball 2-1: Ball 3-1: Reached on error, E6 (Groundball, 56) San-gui Liang to second
|
Batting: LHB Robert Bond
|
0-0: Swinging Strike 0-1: Foul Ball, location: 2F 0-2: Ball 1-2: Foul Ball, location: 2F 1-2: Foul Ball, location: 2F 1-2: SINGLE (Line Drive, 78S) San-gui Liang to third Pablo Lugo to second
|
Batting: RHB Ricardo Pérez
|
0-0: Called Strike 0-1: Ball 1-1: Called Strike 1-2: Fly out, F9 (Flyball, 9S)
|
Batting: RHB José Mata
|
0-0: Ball 1-0: Called Strike 1-1: Fly out, F8 (Flyball, 8RM)
|
Bottom of the 3rd over - 0 run(s), 2 hit(s), 1 error(s), 3 left on base; Wilmington 0 - Rappahannock 2 |
TOP OF THE 4TH |
Wilmington Bay Hawks batting - Pitching for Rappahannock Partisans : RHP Donald Hutchinson
|
Batting: LHB Aubrey Reese
|
0-0: Ball 1-0: Swinging Strike 1-1: Ball 2-1: Ball 3-1: Fly out, F5 (Popup, 56D)
|
Batting: RHB Jim Unknown
|
0-0: SINGLE (Groundball, 15S) (infield hit)
|
Batting: RHB Lindsay Stewart
|
0-0: Fly out, F8 (Flyball, 89M)
|
Batting: RHB Jim Unknown
|
0-0: Called Strike 0-1: Foul Ball, location: 2F 0-2: Strikes out swinging
|
Top of the 4th over - 0 run(s), 1 hit(s), 0 error(s), 1 left on base; Wilmington 0 - Rappahannock 2 |
BOTTOM OF THE 4TH |
Rappahannock Partisans batting - Pitching for Wilmington Bay Hawks : LHP Jim Unknown
|
Batting: RHB Tim Wilson
|
0-0: Ball 1-0: Called Strike 1-1: Ball 2-1: Foul Ball, location: 2F 2-2: Foul Ball, location: 2F 2-2: SINGLE (Line Drive, 89S)
|
Batting: RHB Kyle Dempsey
|
0-0: Ball 1-0: Ball 2-0: Swinging Strike 2-1: Foul Ball, location: 2F 2-2: Strikes out swinging
|
Batting: RHB Mal Phillips
|
0-0: Ball Tim Wilson steals 2nd base 1-0: Called Strike 1-1: Foul Ball, location: 2F 1-2: Strikes out swinging
|
Batting: RHB Tom Baker
|
0-0: Called Strike 0-1: Foul Ball, location: 2F 0-2: Fly out, F4 (Popup, 34S)
|
Bottom of the 4th over - 0 run(s), 1 hit(s), 0 error(s), 1 left on base; Wilmington 0 - Rappahannock 2 |
TOP OF THE 5TH |
Wilmington Bay Hawks batting - Pitching for Rappahannock Partisans : RHP Donald Hutchinson
|
Batting: LHB Ray Schneider
|
0-0: Called Strike 0-1: SINGLE (Line Drive, 8RS)
|
Batting: RHB António Prieto
|
0-0: Ball 1-0: Called Strike 1-1: Foul Ball, location: 2F 1-2: Ground out 5-3 (Groundball, 56S) Ray Schneider to second
|
Batting: SHB Felipe González
|
0-0: Ball 1-0: Ball 2-0: Swinging Strike 2-1: Ground out U3 (Groundball, 3) Ray Schneider to third
|
Batting: RHB Jason Nicholson
|
0-0: Foul Ball, location: 2F 0-1: Called Strike 0-2: Ball 1-2: Strikes out swinging
|
Top of the 5th over - 0 run(s), 1 hit(s), 0 error(s), 1 left on base; Wilmington 0 - Rappahannock 2 |
BOTTOM OF THE 5TH |
Rappahannock Partisans batting - Pitching for Wilmington Bay Hawks : LHP Jim Unknown
|
Batting: RHB San-gui Liang
|
0-0: Ball 1-0: Ball 2-0: Swinging Strike 2-1: Foul Ball, location: 2F 2-2: Strikes out looking
|
Batting: RHB Pablo Lugo
|
0-0: Ground out 1-3 (Groundball, 15)
|
Batting: LHB Robert Bond
|
0-0: Ball 1-0: Ball 2-0: Ground out 1-3 (Groundball, 25)
|
Bottom of the 5th over - 0 run(s), 0 hit(s), 0 error(s), 0 left on base; Wilmington 0 - Rappahannock 2 |
TOP OF THE 6TH |
Wilmington Bay Hawks batting - Pitching for Rappahannock Partisans : RHP Donald Hutchinson
|
Batting: RHB Jorge Rocha
|
0-0: Ball 1-0: Ball 2-0: SOLO HOME RUN (Flyball, 78XD), Distance : 416 ft
|
Batting: LHB Aubrey Reese
|
0-0: Ball 1-0: Swinging Strike 1-1: Ball 2-1: Called Strike 2-2: Strikes out swinging
|
Batting: RHB Jim Unknown
|
0-0: Ball 1-0: Ball 2-0: Ball 3-0: Base on Balls
|
Batting: RHB Lindsay Stewart
|
0-0: Foul Ball, location: 2F 0-1: Ball 1-1: Ball 2-1: Swinging Strike 2-2: Strikes out swinging
|
Batting: RHB Jim Unknown
|
0-0: Ball 1-0: Fielders Choice at 2nd, U6 (Groundball, 6M)
|
Top of the 6th over - 1 run(s), 1 hit(s), 0 error(s), 1 left on base; Wilmington 1 - Rappahannock 2 |
BOTTOM OF THE 6TH |
Rappahannock Partisans batting - Pitching for Wilmington Bay Hawks : LHP Jim Unknown
|
Batting: RHB Ricardo Pérez
|
0-0: DOUBLE (Line Drive, 7LM)
|
Batting: RHB José Mata
|
0-0: Called Strike 0-1: Fly out, F4 (Line Drive, 4MD)
|
Batting: RHB Tim Wilson
|
0-0: Ball 1-0: Called Strike 1-1: Ball 2-1: Called Strike 2-2: Ground out 6-3 (Groundball, 6M) Ricardo Pérez to third
|
Batting: RHB Kyle Dempsey
|
0-0: SINGLE (Groundball, 6MD) Ricardo Pérez scores
|
Batting: RHB Mal Phillips
|
0-0: Foul Ball, location: 2F 0-1: Ball 1-1: Ball 2-1: Foul Ball, location: 2F 2-2: Strikes out swinging
|
Bottom of the 6th over - 1 run(s), 2 hit(s), 0 error(s), 1 left on base; Wilmington 1 - Rappahannock 3 |
TOP OF THE 7TH |
Wilmington Bay Hawks batting - Pitching for Rappahannock Partisans : RHP Donald Hutchinson
|
Batting: LHB Ray Schneider
|
0-0: Fly out, F4 (Popup, 4M)
|
Batting: RHB António Prieto
|
0-0: Ball 1-0: Ball 2-0: Foul Ball, location: 2F 2-1: Ball 3-1: Foul Ball, location: 2F 3-2: Strikes out swinging
|
Batting: SHB Felipe González
|
0-0: Foul Ball, location: 2F 0-1: Ground out 1-3 (Groundball, 23)
|
Top of the 7th over - 0 run(s), 0 hit(s), 0 error(s), 0 left on base; Wilmington 1 - Rappahannock 3 |
BOTTOM OF THE 7TH |
Rappahannock Partisans batting - Pitching for Wilmington Bay Hawks : LHP Jim Unknown
|
Batting: RHB Tom Baker
|
0-0: Called Strike 0-1: Ground out 1-3 (Groundball, 13)
|
Batting: RHB San-gui Liang
|
0-0: SINGLE (Groundball, 56D)
|
Pitching: LHP Carl Dyess
|
|
Batting: RHB Pablo Lugo
|
0-0: Ball 1-0: Swinging Strike 1-1: Ball 2-1: Foul Ball, location: 2F 2-2: Strikes out swinging
|
Batting: LHB Robert Bond
|
Pickoff Throw to First - Out!
|
Bottom of the 7th over - 0 run(s), 1 hit(s), 0 error(s), 0 left on base; Wilmington 1 - Rappahannock 3 |
TOP OF THE 8TH |
Wilmington Bay Hawks batting - Pitching for Rappahannock Partisans : RHP Donald Hutchinson
|
Now at 2B: Jesús Murillo
|
|
Batting: RHB Jason Nicholson
|
0-0: Fly out, F8 (Popup, 8LS)
|
Batting: RHB Jorge Rocha
|
Reached via error on a dropped throw, E3
|
Batting: LHB Aubrey Reese
|
0-0: Called Strike 0-1: Swinging Strike 0-2: Ball 1-2: Strikes out looking
|
Batting: RHB Jim Unknown
|
0-0: Called Strike 0-1: Foul Ball, location: 2F 0-2: Foul Ball, location: 2F 0-2: Ball 1-2: Ball 2-2: Foul Ball, location: 2F 2-2: Foul Ball, location: 2F 2-2: Ball 3-2: Foul Ball, location: 2F 3-2: Foul Ball, location: 2F 3-2: Foul Ball, location: 2F 3-2: Base on Balls Jorge Rocha to second
|
Pitching: RHP Gilberto Ibarra
|
|
Batting: RHB Lindsay Stewart
|
0-0: Called Strike 0-1: Ball 1-1: SINGLE (Groundball, 13) (infield hit) Jorge Rocha to third Jim Unknown to second
|
Batting: RHB Jim Unknown
|
0-0: Ball 1-0: Swinging Strike 1-1: Called Strike 1-2: Ball 2-2: Strikes out looking
|
Top of the 8th over - 0 run(s), 1 hit(s), 1 error(s), 3 left on base; Wilmington 1 - Rappahannock 3 |
BOTTOM OF THE 8TH |
Rappahannock Partisans batting - Pitching for Wilmington Bay Hawks : LHP Carl Dyess
|
Batting: LHB Robert Bond
|
0-0: Ball 1-0: Foul Ball, location: 2F 1-1: DOUBLE (Line Drive, 9LS)
|
Batting: RHB Ricardo Pérez
|
0-0: Ball 1-0: Called Strike 1-1: Ball 2-1: Fly out, F9 (Flyball, 89D) Runner from 2nd tags up, SAFE at 3rd, no throw
|
Batting: RHB José Mata
|
0-0: Intentional Walk
|
Pinch Hitting: RHB Juan Jose Díaz
|
0-0: Ball 1-0: Swinging Strike 1-1: Foul Ball, location: 2F 1-2: Strikes out swinging
|
Batting: RHB Kyle Dempsey
|
0-0: Called Strike 0-1: SINGLE (Groundball, 56D) Robert Bond scores José Mata to second
|
Batting: RHB Mal Phillips
|
0-0: Ball 1-0: Swinging Strike 1-1: Called Strike 1-2: Ball 2-2: SINGLE (Line Drive, 7S) José Mata to third Kyle Dempsey to second Runner from 3rd tries for Home, SAFE, no throw or cutoff
|
Pitching: RHP Anthony Graham
|
|
Batting: RHB Tom Baker
|
0-0: Ball 1-0: Ball 2-0: Called Strike 2-1: Ball 3-1: Called Strike 3-2: SINGLE (Line Drive, 34) Kyle Dempsey to third Mal Phillips to second Kyle Dempsey scores Mal Phillips to third
|
Batting: RHB San-gui Liang
|
0-0: Called Strike 0-1: Called Strike 0-2: Foul Ball, location: 2F 0-2: Ball 1-2: Ground out 4-3 (Groundball, 4)
|
Bottom of the 8th over - 3 run(s), 4 hit(s), 0 error(s), 2 left on base; Wilmington 1 - Rappahannock 6 |
TOP OF THE 9TH |
Wilmington Bay Hawks batting - Pitching for Rappahannock Partisans : RHP Gilberto Ibarra
|
Now in LF: Alfonso López
|
|
Batting: LHB Ray Schneider
|
0-0: Ball 1-0: Ball 2-0: Called Strike 2-1: Foul Ball, location: 2F 2-2: Foul Ball, location: 2F 2-2: Foul Ball, location: 2F 2-2: SINGLE (Line Drive, 34)
|
Batting: RHB António Prieto
|
0-0: SINGLE (Groundball, 56) Ray Schneider to second
|
Batting: SHB Felipe González
|
0-0: Ball 1-0: Foul Ball, location: 2F 1-1: 3-RUN HOME RUN (Line Drive, 9D), Distance : 357 ft
|
Pitching: LHP Doug Robinson
|
|
Batting: RHB Jason Nicholson
|
0-0: DOUBLE (Line Drive, 78M)
|
Batting: RHB Jorge Rocha
|
0-0: Ball 1-0: Ball 2-0: Ball 3-0: Base on Balls
|
Pinch Hitting: RHB Jim Unknown
|
0-0: Ball 1-0: Swinging Strike 1-1: Fly out, F9 (Flyball, 9D) Runner from 2nd tags up, SAFE at 3rd, no throw
|
Batting: RHB Jim Unknown
|
0-0: Ball 1-0: Called Strike 1-1: Ball 2-1: Fly out, F6 (Popup, 6MD)
|
Batting: RHB Lindsay Stewart
|
0-0: Ball 1-0: Called Strike 1-1: Ball 2-1: Called Strike 2-2: Ball Wild Pitch! Jason Nicholson scores Jorge Rocha to second 3-2: Ground out 1-3 (Groundball, 15)
|
Top of the 9th over - 4 run(s), 4 hit(s), 0 error(s), 1 left on base; Wilmington 5 - Rappahannock 6 |
|